[Event "Live Chess"]
[Site "Chess.com"]
[Date "2010.12.06"]
[Round "-"]
[White "JeeBusSS"]
[Black "hipposcottimus"]
[Result "0-1"]
[CurrentPosition "1k2r3/pp4pp/2p5/2K5/2P5/N4n2/P7/R7 w - -"]
[Timezone "UTC"]
[ECO "A02"]
[ECOUrl "https://www.chess.com/openings/Birds-Opening"]
[UTCDate "2010.12.06"]
[UTCTime "23:15:02"]
[WhiteElo "1493"]
[BlackElo "1648"]
[TimeControl "60"]
[Termination "hipposcottimus won on time"]
[StartTime "23:15:02"]
[EndDate "2010.12.06"]
[EndTime "23:17:10"]
[Link "https://www.chess.com/game/live/74745099"]

1. f4 e6 2. Nf3 d5 3. e3 Be7 4. d4 Bh4+ 5. g3 Be7 6. c3 Bd6 7. b4 f6 8. g4 e5 9. dxe5 fxe5 10. fxe5 Be7 11. g5 Bxg5 12. Nxg5 Qxg5 13. e4 Qh4+ 14. Ke2 Qxe4+ 15. Kd2 Nc6 16. Rg1 Nxb4 17. Rg4 Bxg4 18. Qe1 Qf4+ 19. Qe3 Qxh2+ 20. Be2 Bxe2 21. Qxe2 Qf4+ 22. Ke1 O-O-O 23. Bxf4 Re8 24. Qf2 Nc6 25. Qf3 Nxe5 26. Bxe5 Rxe5+ 27. Kf2 Nf6 28. Qh3+ Kb8 29. Na3 Ne4+ 30. Ke3 Ng5+ 31. Kd4 Nxh3 32. Kxe5 Re8+ 33. Kxd5 Ng5 34. c4 c6+ 35. Kc5 Nf3 0-1

[Event "Live Chess"]
[Site "Chess.com"]
[Date "2010.12.06"]
[Round "-"]
[White "hipposcottimus"]
[Black "JeeBusSS"]
[Result "1-0"]
[CurrentPosition "r6r/p5Qk/2n2B1n/1pb1P3/3p4/8/PPP3P1/RN3R1K b - -"]
[Timezone "UTC"]
[ECO "B12"]
[ECOUrl "https://www.chess.com/openings/Caro-Kann-Defense-Advance-Variation"]
[UTCDate "2010.12.06"]
[UTCTime "23:13:08"]
[WhiteElo "1643"]
[BlackElo "1498"]
[TimeControl "60"]
[Termination "hipposcottimus won by checkmate"]
[StartTime "23:13:08"]
[EndDate "2010.12.06"]
[EndTime "23:14:28"]
[Link "https://www.chess.com/game/live/74744698"]

1. e4 c6 2. d4 d5 3. e5 b5 4. f4 f6 5. Nf3 g5 6. fxg5 fxg5 7. Bxg5 h6 8. Bh4 e6 9. Bd3 Qd7 10. Bg6+ Qf7 11. Bxf7+ Kxf7 12. O-O c5 13. Ng5+ Kg6 14. Nxe6 Bxe6 15. dxc5 h5 16. Qf3 Bg4 17. Qg3 Bxc5+ 18. Kh1 d4 19. h3 Nc6 20. hxg4 hxg4 21. Qxg4+ Kh7 22. Bf6 Nh6 23. Qg7# 1-0

[Event "Live Chess"]
[Site "Chess.com"]
[Date "2010.12.06"]
[Round "-"]
[White "JeeBusSS"]
[Black "hipposcottimus"]
[Result "0-1"]
[CurrentPosition "8/1p3p2/4r1k1/8/1p2K1p1/8/P7/6R1 w - -"]
[Timezone "UTC"]
[ECO "A00"]
[ECOUrl "https://www.chess.com/openings/Saragossa-Opening-1...e5"]
[UTCDate "2010.12.06"]
[UTCTime "23:10:46"]
[WhiteElo "1503"]
[BlackElo "1638"]
[TimeControl "60"]
[Termination "hipposcottimus won on time"]
[StartTime "23:10:46"]
[EndDate "2010.12.06"]
[EndTime "23:12:50"]
[Link "https://www.chess.com/game/live/74744031"]

1. c3 e5 2. d4 e4 3. b4 d5 4. f3 c5 5. fxe4 cxb4 6. cxb4 Bxb4+ 7. Bd2 Be7 8. exd5 Qxd5 9. e3 Nc6 10. Nf3 Qd7 11. g3 Nf6 12. Bg2 Ne4 13. Ne5 Nxd2 14. Nxd7 Bxd7 15. Qxd2 O-O 16. d5 Bb4 17. Nc3 Ne5 18. Qd4 Bxc3+ 19. Qxc3 Ng6 20. h4 Rad8 21. h5 Rc8 22. Qd3 Ne7 23. g4 a6 24. Ke2 Bb5 25. Qxb5 axb5 26. Rhc1 Rxc1 27. Rxc1 Nxd5 28. e4 Nf4+ 29. Kf3 Nxg2 30. Kxg2 Rb8 31. e5 b4 32. g5 Re8 33. g6 Rxe5 34. gxh7+ Kxh7 35. Kg3 Rxh5 36. Kg4 Rh6 37. Kg5 Rg6+ 38. Kf5 Rf6+ 39. Ke4 g5 40. Ke5 Kg6 41. Ke4 g4 42. Rg1 Re6+ 0-1

[Event "Live Chess"]
[Site "Chess.com"]
[Date "2010.12.06"]
[Round "-"]
[White "hipposcottimus"]
[Black "JeeBusSS"]
[Result "0-1"]
[CurrentPosition "8/4R3/8/8/2b3n1/3n4/PP1K3k/8 w - -"]
[Timezone "UTC"]
[ECO "C41"]
[ECOUrl "https://www.chess.com/openings/Philidor-Defense-3.d4"]
[UTCDate "2010.12.06"]
[UTCTime "23:08:04"]
[WhiteElo "1633"]
[BlackElo "1508"]
[TimeControl "60"]
[Termination "JeeBusSS won on time"]
[StartTime "23:08:04"]
[EndDate "2010.12.06"]
[EndTime "23:10:12"]
[Link "https://www.chess.com/game/live/74743408"]

1. e4 e5 2. Nf3 d6 3. d4 f6 4. dxe5 dxe5 5. Qxd8+ Kxd8 6. Nc3 g5 7. Bxg5 fxg5 8. Nxg5 Be7 9. Nf7+ Ke8 10. Nxh8 c6 11. O-O-O b5 12. Bxb5 cxb5 13. Nxb5 Na6 14. Rhf1 Bf6 15. f4 Bxh8 16. fxe5 Bxe5 17. Rf2 Nf6 18. Rdf1 Ng4 19. Rf8+ Ke7 20. R8f7+ Ke6 21. Rxh7 Bd4 22. Rh6+ Ke5 23. Nxd4 Nxh6 24. Nf3+ Kxe4 25. Ng5+ Ke3 26. Re1+ Kf2 27. Rd1 Kxg2 28. Ne4 Kxh2 29. Nd6 Bd7 30. Nb5 Rd8 31. c4 Bxb5 32. Rxd8 Bxc4 33. Ra8 Nb4 34. Rxa7 Nd3+ 35. Kd2 Ne5 36. Kc3 Nhg4 37. Re7 Nf3 38. Kc2 Ne1+ 39. Kd2 Nd3 0-1

[Event "Live Chess"]
[Site "Chess.com"]
[Date "2010.12.06"]
[Round "-"]
[White "JeeBusSS"]
[Black "hipposcottimus"]
[Result "0-1"]
[CurrentPosition "1r4k1/q4ppp/8/6P1/K7/7N/P6P/R2R4 w - -"]
[Timezone "UTC"]
[ECO "A00"]
[ECOUrl "https://www.chess.com/openings/Saragossa-Opening-1...e5"]
[UTCDate "2010.12.06"]
[UTCTime "23:06:22"]
[WhiteElo "1496"]
[BlackElo "1643"]
[TimeControl "60"]
[Termination "hipposcottimus won by checkmate"]
[StartTime "23:06:22"]
[EndDate "2010.12.06"]
[EndTime "23:07:40"]
[Link "https://www.chess.com/game/live/74743003"]

1. c3 e5 2. d4 e4 3. b4 d5 4. f3 Nc6 5. g4 exf3 6. exf3 Nxb4 7. cxb4 Bxb4+ 8. Bd2 Bd6 9. Qe2+ Ne7 10. f4 O-O 11. f5 Re8 12. g5 Nxf5 13. Bh3 Rxe2+ 14. Kxe2 Nxd4+ 15. Kd3 Bf5+ 16. Kxd4 Bxh3 17. Kxd5 c5 18. Nxh3 Bf4+ 19. Kxc5 Bxd2 20. Nxd2 Qxd2 21. Rhd1 Rc8+ 22. Kb5 a6+ 23. Kb6 Qb4+ 24. Ka7 Qc5+ 25. Kxb7 Qc7+ 26. Kxa6 Ra8+ 27. Kb5 Rb8+ 28. Ka4 Qa7# 0-1

[Event "Live Chess"]
[Site "Chess.com"]
[Date "2010.12.06"]
[Round "-"]
[White "hipposcottimus"]
[Black "JeeBusSS"]
[Result "1-0"]
[CurrentPosition "r2qkbnr/p2p1Q1p/b1n5/4p3/2N1P1P1/8/PPP3PP/RNB2RK1 b kq -"]
[Timezone "UTC"]
[ECO "C40"]
[ECOUrl "https://www.chess.com/openings/Kings-Pawn-Opening-Kings-Knight-Damiano-Defense"]
[UTCDate "2010.12.06"]
[UTCTime "23:05:25"]
[WhiteElo "1638"]
[BlackElo "1501"]
[TimeControl "60"]
[Termination "hipposcottimus won by checkmate"]
[StartTime "23:05:25"]
[EndDate "2010.12.06"]
[EndTime "23:05:52"]
[Link "https://www.chess.com/game/live/74742802"]

1. e4 e5 2. Nf3 f6 3. Bc4 g5 4. d4 g4 5. Nfd2 b6 6. dxe5 c6 7. f3 b5 8. Bb3 fxe5 9. fxg4 c5 10. O-O c4 11. Bxc4 bxc4 12. Nxc4 Nc6 13. Qf3 Ba6 14. Qf7# 1-0

[Event "Live Chess"]
[Site "Chess.com"]
[Date "2010.12.06"]
[Round "-"]
[White "hipposcottimus"]
[Black "hlyrad"]
[Result "0-1"]
[CurrentPosition "r2r4/1p3ppk/p3qb2/4p3/8/8/PP3PPP/R3R1K1 w - -"]
[Timezone "UTC"]
[ECO "B20"]
[ECOUrl "https://www.chess.com/openings/Sicilian-Defense"]
[UTCDate "2010.12.06"]
[UTCTime "23:03:43"]
[WhiteElo "1633"]
[BlackElo "1596"]
[TimeControl "60"]
[Termination "hlyrad won by resignation"]
[StartTime "23:03:43"]
[EndDate "2010.12.06"]
[EndTime "23:05:16"]
[Link "https://www.chess.com/game/live/74742377"]

1. e4 c5 2. Bb5 e6 3. Nf3 Nf6 4. d4 a6 5. e5 Nd5 6. Bc4 Nb6 7. Bb3 Nc6 8. c3 cxd4 9. cxd4 Be7 10. Nc3 O-O 11. O-O d6 12. d5 exd5 13. Nxd5 Nxd5 14. Bxd5 Nxe5 15. Nxe5 dxe5 16. Re1 Bf6 17. Be3 Qc7 18. Bc5 Rd8 19. Qd3 Be6 20. Bd6 Qxd6 21. Qxh7+ Kxh7 22. Bxe6 Qxe6 0-1

[Event "Live Chess"]
[Site "Chess.com"]
[Date "2010.12.06"]
[Round "-"]
[White "hlyrad"]
[Black "hipposcottimus"]
[Result "1-0"]
[CurrentPosition "4rk2/3R1B1p/6p1/5p2/1B6/4rP2/1P3K2/7R b - -"]
[Timezone "UTC"]
[ECO "D02"]
[ECOUrl "https://www.chess.com/openings/Queens-Pawn-Opening-Zukertort-Variation"]
[UTCDate "2010.12.06"]
[UTCTime "23:01:27"]
[WhiteElo "1587"]
[BlackElo "1642"]
[TimeControl "60"]
[Termination "hlyrad won on time"]
[StartTime "23:01:27"]
[EndDate "2010.12.06"]
[EndTime "23:03:35"]
[Link "https://www.chess.com/game/live/74741849"]

1. Nf3 d5 2. d4 Bg4 3. e3 Nf6 4. c4 Nc6 5. Nc3 e6 6. a3 Be7 7. h3 Bh5 8. g4 Nxg4 9. hxg4 Bxg4 10. Bg2 O-O 11. Qd3 Bf5 12. e4 dxe4 13. Nxe4 Bf6 14. Bf4 Nxd4 15. Nxf6+ Qxf6 16. Qxd4 Qxd4 17. Nxd4 Bg4 18. f3 Bf5 19. Nxf5 exf5 20. Bh3 Rfe8+ 21. Kf2 g6 22. Bg5 c6 23. Bf6 Re6 24. Bc3 b5 25. cxb5 cxb5 26. Rad1 a5 27. Rd7 Rae8 28. Bf1 b4 29. Bc4 Re3 30. axb4 axb4 31. Bxf7+ Kf8 32. Bxb4+ 1-0

[Event "Live Chess"]
[Site "Chess.com"]
[Date "2010.12.06"]
[Round "-"]
[White "hipposcottimus"]
[Black "hlyrad"]
[Result "1-0"]
[CurrentPosition "r4rk1/5ppp/p1pb4/1p6/4p1bQ/1N2q3/PPP3PP/R4R1K b - -"]
[Timezone "UTC"]
[ECO "B20"]
[ECOUrl "https://www.chess.com/openings/Sicilian-Defense"]
[UTCDate "2010.12.06"]
[UTCTime "22:59:05"]
[WhiteElo "1651"]
[BlackElo "1576"]
[TimeControl "60"]
[Termination "hipposcottimus won on time"]
[StartTime "22:59:05"]
[EndDate "2010.12.06"]
[EndTime "23:01:13"]
[Link "https://www.chess.com/game/live/74741297"]

1. e4 c5 2. Bb5 Nf6 3. e5 Ng8 4. Nf3 e6 5. d4 cxd4 6. Nxd4 Qa5+ 7. Nc3 a6 8. Ba4 Qxe5+ 9. Be3 Bc5 10. O-O Nf6 11. Nf3 Qh5 12. Bg5 Ng4 13. Bh4 O-O 14. Bg3 Nc6 15. Ne4 Be7 16. Bxc6 dxc6 17. Ned2 e5 18. Nb3 e4 19. Ne5 Nxe5 20. Bxe5 Qxe5 21. Re1 Bd6 22. f4 Qxf4 23. Qh5 Bg4 24. Qh4 b5 25. Rf1 Qe3+ 26. Kh1 1-0

[Event "Live Chess"]
[Site "Chess.com"]
[Date "2010.12.06"]
[Round "-"]
[White "hipposcottimus"]
[Black "CaptainObvious"]
[Result "1-0"]
[CurrentPosition "6r1/2bk1p2/p2p4/2pBR3/2P5/8/Pr4PP/R1Q3K1 b - -"]
[Timezone "UTC"]
[ECO "B20"]
[ECOUrl "https://www.chess.com/openings/Sicilian-Defense"]
[UTCDate "2010.12.06"]
[UTCTime "22:56:52"]
[WhiteElo "1644"]
[BlackElo "1503"]
[TimeControl "60"]
[Termination "hipposcottimus won on time"]
[StartTime "22:56:52"]
[EndDate "2010.12.06"]
[EndTime "22:58:44"]
[Link "https://www.chess.com/game/live/74740789"]

1. e4 c5 2. Bb5 a6 3. Be2 b6 4. Nf3 Bb7 5. d4 Bxe4 6. dxc5 bxc5 7. Ng5 Bb7 8. Nf3 e6 9. O-O Bd6 10. c4 Bc7 11. Nc3 d6 12. Ne4 Ne7 13. Bf4 e5 14. Bg5 h6 15. Bh4 g5 16. Nfxg5 hxg5 17. Bxg5 Qd7 18. Nf6+ Kd8 19. Nxd7 Kxd7 20. Bg4+ Ke8 21. f4 Ng6 22. fxe5 Nxe5 23. Re1 Rg8 24. Bf4 Bc8 25. Bxc8 Nd7 26. Bxe5 Nxe5 27. Bb7 Rb8 28. Bd5 Rxb2 29. Rxe5+ Kd7 30. Qc1 1-0

[Event "Live Chess"]
[Site "Chess.com"]
[Date "2010.12.06"]
[Round "-"]
[White "hipposcottimus"]
[Black "DoctorManhattan"]
[Result "0-1"]
[CurrentPosition "r1b1k2r/pp3ppp/2n2n2/8/8/2N1q3/PPP1B1PP/R3K2R w KQkq -"]
[Timezone "UTC"]
[ECO "B01"]
[ECOUrl "https://www.chess.com/openings/Scandinavian-Defense-Blackburne-Kloosterboer-Gambit-3.dxc6-Nxc6"]
[UTCDate "2010.12.06"]
[UTCTime "22:56:19"]
[WhiteElo "1644"]
[BlackElo "2003"]
[TimeControl "60"]
[Termination "DoctorManhattan won by resignation"]
[StartTime "22:56:19"]
[EndDate "2010.12.06"]
[EndTime "22:56:49"]
[Link "https://www.chess.com/game/live/74740628"]

1. e4 d5 2. exd5 c6 3. dxc6 Nxc6 4. Nc3 e5 5. d3 Nf6 6. Be3 Bc5 7. Nf3 Bxe3 8. fxe3 Qb6 9. Be2 Qxe3 10. Qd2 Qb6 11. d4 exd4 12. Nxd4 Qxd4 13. Qe3+ Qxe3 0-1

[Event "Live Chess"]
[Site "Chess.com"]
[Date "2010.12.06"]
[Round "-"]
[White "DoctorManhattan"]
[Black "hipposcottimus"]
[Result "0-1"]
[CurrentPosition "N4k2/p2Q1ppp/8/8/3Pp2P/P7/1r3qP1/R4K1R w - -"]
[Timezone "UTC"]
[ECO "A00"]
[ECOUrl "https://www.chess.com/openings/Saragossa-Opening-1...e5"]
[UTCDate "2010.12.06"]
[UTCTime "22:54:42"]
[WhiteElo "2003"]
[BlackElo "1644"]
[TimeControl "60"]
[Termination "hipposcottimus won by checkmate"]
[StartTime "22:54:42"]
[EndDate "2010.12.06"]
[EndTime "22:56:11"]
[Link "https://www.chess.com/game/live/74740200"]

1. c3 e5 2. d4 e4 3. Bf4 d5 4. h4 Bd6 5. Bxd6 Qxd6 6. e3 Nf6 7. Ne2 c5 8. Nf4 cxd4 9. cxd4 Nc6 10. a3 Bg4 11. Be2 Bxe2 12. Qxe2 Nxd4 13. exd4 Qxf4 14. Qb5+ Ke7 15. Qxb7+ Nd7 16. Nc3 Rhb8 17. Nxd5+ Kf8 18. Qxd7 Qh6 19. Nc7 Rxb2 20. Nxa8 Qd2+ 21. Kf1 Qxf2# 0-1

[Event "Live Chess"]
[Site "Chess.com"]
[Date "2010.12.06"]
[Round "-"]
[White "NinjaBoy"]
[Black "hipposcottimus"]
[Result "0-1"]
[CurrentPosition "5r1k/r5pp/3R4/2p5/2B5/1PP1P2P/qK4P1/2B4R w - -"]
[Timezone "UTC"]
[ECO "D02"]
[ECOUrl "https://www.chess.com/openings/Queens-Pawn-Opening-Zukertort-Variation-2...c6-3.Bg5"]
[UTCDate "2010.12.06"]
[UTCTime "22:51:29"]
[WhiteElo "1649"]
[BlackElo "1644"]
[TimeControl "60"]
[Termination "hipposcottimus won by checkmate"]
[StartTime "22:51:29"]
[EndDate "2010.12.06"]
[EndTime "22:53:32"]
[Link "https://www.chess.com/game/live/74739387"]

1. d4 d5 2. Nf3 c6 3. Bg5 Nd7 4. h3 f6 5. Bf4 e5 6. dxe5 fxe5 7. Bd2 Ngf6 8. Nc3 e4 9. Nd4 c5 10. Ne6 Qe7 11. Nxf8 Qxf8 12. Nb5 Rb8 13. Nc7+ Kf7 14. Nb5 Qe7 15. Nxa7 Rf8 16. Nb5 Kg8 17. Na7 Nb6 18. Nxc8 Rbxc8 19. Bg5 Qe6 20. Bxf6 Rf7 21. Bc3 d4 22. Bd2 Nc4 23. c3 d3 24. e3 Qf6 25. f3 exf3 26. Qxf3 Qe6 27. O-O-O Rcf8 28. Qxb7 Rxb7 29. Bxd3 Qb6 30. Bxc4+ Kh8 31. b3 Qa6 32. Kb2 Qb6 33. Bc1 Ra7 34. Rd5 Qa5 35. Rd6 Qxa2# 0-1

[Event "Live Chess"]
[Site "Chess.com"]
[Date "2010.12.06"]
[Round "-"]
[White "hipposcottimus"]
[Black "PaperTiger"]
[Result "1-0"]
[CurrentPosition "3rN2k/1p4pp/2p3n1/2B2p2/2B5/3P4/PP3PPP/R4RK1 b - -"]
[Timezone "UTC"]
[ECO "C41"]
[ECOUrl "https://www.chess.com/openings/Philidor-Defense-3.Bc4-Be7-4.d4"]
[UTCDate "2010.12.06"]
[UTCTime "22:50:01"]
[WhiteElo "1635"]
[BlackElo "1609"]
[TimeControl "60"]
[Termination "hipposcottimus won by resignation"]
[StartTime "22:50:01"]
[EndDate "2010.12.06"]
[EndTime "22:51:14"]
[Link "https://www.chess.com/game/live/74739000"]

1. e4 e5 2. Nf3 d6 3. Bc4 Be7 4. d4 c6 5. dxe5 Bg4 6. exd6 Bxd6 7. O-O Qc7 8. Qd3 Ne7 9. e5 Bxf3 10. exd6 Be2 11. dxc7 Bxd3 12. cxb8=Q+ Rxb8 13. cxd3 O-O 14. Nc3 Ng6 15. Be3 Kh8 16. Bxa7 Rbc8 17. Bc5 Rfe8 18. Ne4 f5 19. Nd6 Rcd8 20. Nxe8 1-0

[Event "Live Chess"]
[Site "Chess.com"]
[Date "2010.12.06"]
[Round "-"]
[White "Snart"]
[Black "hipposcottimus"]
[Result "0-1"]
[CurrentPosition "r7/ppp2Rpp/3k4/4p3/3nP3/1B3K1P/PPP5/8 w - -"]
[Timezone "UTC"]
[ECO "A40"]
[ECOUrl "https://www.chess.com/openings/Englund-Gambit-Hartlaub-Charlick-Gambit"]
[UTCDate "2010.12.06"]
[UTCTime "22:47:40"]
[WhiteElo "1462"]
[BlackElo "1627"]
[TimeControl "60"]
[Termination "hipposcottimus won on time"]
[StartTime "22:47:40"]
[EndDate "2010.12.06"]
[EndTime "22:49:31"]
[Link "https://www.chess.com/game/live/74738346"]

1. d4 e5 2. dxe5 d6 3. Nf3 dxe5 4. e4 Qxd1+ 5. Kxd1 Nf6 6. Bd3 Bd6 7. Re1 Ng4 8. Nbd2 Nxf2+ 9. Ke2 Ng4 10. Bc4 Nf6 11. Bxf7+ Ke7 12. Bb3 Bg4 13. h3 Bh5 14. Nc4 Rd8 15. Nxd6 Rxd6 16. Bg5 Kf8 17. Bxf6 Rxf6 18. Kf1 Bxf3 19. gxf3 Rxf3+ 20. Ke2 Nc6 21. Rf1 Rxf1 22. Rxf1+ Ke7 23. Rf7+ Kd6 24. Kf3 Nd4+ 0-1

[Event "Live Chess"]
[Site "Chess.com"]
[Date "2010.12.06"]
[Round "-"]
[White "v19"]
[Black "hipposcottimus"]
[Result "1-0"]
[CurrentPosition "5Q1k/p5pp/2p5/8/5p2/P4P1P/1PP2PP1/3rR1K1 b - -"]
[Timezone "UTC"]
[ECO "D02"]
[ECOUrl "https://www.chess.com/openings/Queens-Pawn-Opening-Zukertort-Variation"]
[UTCDate "2010.12.06"]
[UTCTime "22:39:27"]
[WhiteElo "1673"]
[BlackElo "1627"]
[TimeControl "60"]
[Termination "v19 won by checkmate"]
[StartTime "22:39:27"]
[EndDate "2010.12.06"]
[EndTime "22:40:57"]
[Link "https://www.chess.com/game/live/74736286"]

1. Nf3 d5 2. d4 Bg4 3. Bg5 Bxf3 4. exf3 f6 5. Bd2 e6 6. Bd3 Ne7 7. Nc3 c6 8. Qe2 Nd7 9. a3 Nb6 10. h3 Nc4 11. Bf4 e5 12. dxe5 fxe5 13. Bh2 Ng6 14. Bxc4 dxc4 15. Rd1 Qf6 16. O-O Bd6 17. Rfe1 O-O 18. Ne4 Qd8 19. Nxd6 Qf6 20. Nxb7 Nf4 21. Bxf4 exf4 22. Nc5 Rae8 23. Ne4 Qg6 24. Qxc4+ Kh8 25. Nd6 Rd8 26. Nf7+ Qxf7 27. Qxf7 Rxd1 28. Qxf8# 1-0

[Event "Live Chess"]
[Site "Chess.com"]
[Date "2010.12.06"]
[Round "-"]
[White "hipposcottimus"]
[Black "v19"]
[Result "1-0"]
[CurrentPosition "2r2r1k/5pbQ/6p1/p4pN1/8/8/q4PPP/3qR1K1 b - -"]
[Timezone "UTC"]
[ECO "B01"]
[ECOUrl "https://www.chess.com/openings/Scandinavian-Defense-Mieses-Kotrc-Variation...4.d4-Nf6-5.Nf3-Bg4"]
[UTCDate "2010.12.06"]
[UTCTime "22:37:30"]
[WhiteElo "1634"]
[BlackElo "1666"]
[TimeControl "60"]
[Termination "hipposcottimus won by checkmate"]
[StartTime "22:37:30"]
[EndDate "2010.12.06"]
[EndTime "22:39:10"]
[Link "https://www.chess.com/game/live/74735760"]

1. e4 d5 2. exd5 Qxd5 3. Nc3 Qd8 4. d4 Nf6 5. Nf3 Bg4 6. Be2 Bxf3 7. Bxf3 Nc6 8. d5 Nb8 9. O-O c6 10. Bg5 g6 11. Bxf6 exf6 12. dxc6 Nxc6 13. Bxc6+ bxc6 14. Re1+ Be7 15. Ne4 O-O 16. Qf3 f5 17. Ng3 c5 18. Ne2 Bf6 19. Qg3 Bxb2 20. Rab1 Bg7 21. Rbd1 Qf6 22. Nf4 a5 23. Nd5 Qb2 24. Ne7+ Kh8 25. Nd5 Qxc2 26. Nf4 Qxa2 27. Qh4 c4 28. Qh3 c3 29. Qh4 Rac8 30. Nh3 c2 31. Ng5 cxd1=Q 32. Qxh7# 1-0

[Event "Live Chess"]
[Site "Chess.com"]
[Date "2010.12.06"]
[Round "-"]
[White "hipposcottimus"]
[Black "kalbs"]
[Result "1-0"]
[CurrentPosition "r1k5/1p3ppp/p1pQpq2/P7/1PP5/8/5PPP/3R2K1 b - c3"]
[Timezone "UTC"]
[ECO "B01"]
[ECOUrl "https://www.chess.com/openings/Scandinavian-Defense-Mieses-Kotrc-Main-Line-4.d4-Nf6-5.Bd2"]
[UTCDate "2010.12.06"]
[UTCTime "22:35:12"]
[WhiteElo "1625"]
[BlackElo "1623"]
[TimeControl "60"]
[Termination "hipposcottimus won on time"]
[StartTime "22:35:12"]
[EndDate "2010.12.06"]
[EndTime "22:37:09"]
[Link "https://www.chess.com/game/live/74735083"]

1. e4 d5 2. exd5 Qxd5 3. Nc3 Qa5 4. d4 Nf6 5. Bd2 Qb6 6. Nf3 Bg4 7. Bb5+ c6 8. Be2 e6 9. O-O Bd6 10. Ne5 Bxe2 11. Qxe2 Nbd7 12. Be3 Qa5 13. Nxd7 Kxd7 14. Bd2 Qb6 15. Ne4 Qxd4 16. Nxf6+ Qxf6 17. Rad1 Kc7 18. Bc3 Qh6 19. Be5 Rhd8 20. Bxd6+ Rxd6 21. Rxd6 Kxd6 22. Rd1+ Kc7 23. Qd3 Kb6 24. a4 Qf6 25. b4 a6 26. a5+ Ka7 27. Qe3+ Kb8 28. Qd3 Kc7 29. Qd6+ Kc8 30. Qd7+ Kb8 31. Qd6+ Kc8 32. c4 1-0

[Event "Live Chess"]
[Site "Chess.com"]
[Date "2010.12.06"]
[Round "-"]
[White "kalbs"]
[Black "hipposcottimus"]
[Result "1-0"]
[CurrentPosition "8/p3r2p/2R3p1/1P2Bk2/P3PP2/5K2/7P/8 b - -"]
[Timezone "UTC"]
[ECO "A09"]
[ECOUrl "https://www.chess.com/openings/Reti-Opening-Reti-Gambit"]
[UTCDate "2010.12.06"]
[UTCTime "22:32:29"]
[WhiteElo "1631"]
[BlackElo "1617"]
[TimeControl "60"]
[Termination "kalbs won by checkmate"]
[StartTime "22:32:29"]
[EndDate "2010.12.06"]
[EndTime "22:34:29"]
[Link "https://www.chess.com/game/live/74734337"]

1. Nf3 d5 2. c4 Bg4 3. cxd5 Bxf3 4. gxf3 Qxd5 5. Nc3 Qd8 6. Bg2 Nc6 7. e3 Qd7 8. O-O e5 9. d4 f6 10. Qb3 Na5 11. Qa4 Qxa4 12. Nxa4 Bd6 13. dxe5 Bxe5 14. b4 Nc4 15. Rb1 Nd6 16. f4 Ne7 17. fxe5 fxe5 18. Bxb7 Nxb7 19. Bb2 Kf7 20. Bxe5 Ng6 21. Bxc7 Rhf8 22. Rbd1 Kg8 23. Nc5 Rf5 24. Nxb7 Rg5+ 25. Kh1 Rc8 26. Rd7 Rf5 27. Rd8+ Rxd8 28. Nxd8 Rf8 29. b5 Ne5 30. Bxe5 Rxd8 31. f4 Re8 32. Kg2 Re7 33. Kf3 Kf7 34. Rc1 g6 35. a4 Ke6 36. Rc6+ Kf5 37. e4# 1-0

[Event "Live Chess"]
[Site "Chess.com"]
[Date "2010.12.06"]
[Round "-"]
[White "hipposcottimus"]
[Black "miudyk"]
[Result "1-0"]
[CurrentPosition "R2k4/1Q6/8/6p1/7p/7P/PP4P1/6K1 b - -"]
[Timezone "UTC"]
[ECO "B33"]
[ECOUrl "https://www.chess.com/openings/Sicilian-Defense-Open-3...cxd4-4.Nxd4"]
[UTCDate "2010.12.06"]
[UTCTime "22:28:58"]
[WhiteElo "1625"]
[BlackElo "1629"]
[TimeControl "60"]
[Termination "hipposcottimus won by checkmate"]
[StartTime "22:28:58"]
[EndDate "2010.12.06"]
[EndTime "22:31:04"]
[Link "https://www.chess.com/game/live/74733613"]

1. e4 c5 2. Nf3 Nc6 3. d4 cxd4 4. Nxd4 Nxd4 5. Qxd4 Nf6 6. e5 Ng8 7. f4 d6 8. Bc4 dxe5 9. Qxd8+ Kxd8 10. fxe5 g6 11. Nc3 Bg7 12. Bf4 h6 13. Nd5 g5 14. Bg3 Be6 15. Bb3 h5 16. h3 h4 17. Bh2 f6 18. Rd1 Ke8 19. Nc7+ Kf7 20. Nxa8 Bxb3 21. cxb3 fxe5 22. Nc7 Nf6 23. Bxe5 Re8 24. Nd5 Kg6 25. Nxf6 Bxf6 26. Bxf6 exf6+ 27. Kf2 Kf5 28. Rhf1 Kg6 29. Kg1 Re7 30. Rd6 a6 31. Rdxf6+ Kg7 32. R6f5 Kh6 33. Rf6+ Kh7 34. Rf7+ Rxf7 35. Rxf7+ Kg6 36. Rf3 Kg7 37. Rf5 Kg6 38. Rd5 Kh6 39. Rd7 Kg6 40. Rxb7 Kh6 41. Rb6+ Kg7 42. Rxa6 Kh7 43. b4 Kg7 44. b5 Kh7 45. b6 Kg7 46. b7 Kf7 47. b8=Q Ke7 48. Qb7+ Kd8 49. Ra8# 1-0

[Event "Live Chess"]
[Site "Chess.com"]
[Date "2010.12.06"]
[Round "-"]
[White "miudyk"]
[Black "hipposcottimus"]
[Result "0-1"]
[CurrentPosition "2k5/p1p5/2p5/2p1KN2/2P1P3/8/PP1N4/8 w - -"]
[Timezone "UTC"]
[ECO "C65"]
[ECOUrl "https://www.chess.com/openings/Ruy-Lopez-Opening-Berlin-Defense-4.Bxc6-dxc6-5.d3"]
[UTCDate "2010.12.06"]
[UTCTime "22:26:41"]
[WhiteElo "1637"]
[BlackElo "1617"]
[TimeControl "60"]
[Termination "hipposcottimus won on time"]
[StartTime "22:26:41"]
[EndDate "2010.12.06"]
[EndTime "22:28:49"]
[Link "https://www.chess.com/game/live/74732990"]

1. e4 e5 2. Nf3 Nc6 3. Bb5 Nf6 4. Bxc6 dxc6 5. d3 Bd6 6. O-O Nd7 7. h3 O-O 8. Be3 f5 9. c3 f4 10. Bd2 Be7 11. Kh2 Bh4 12. Rg1 Rf6 13. g3 fxg3+ 14. fxg3 Bxg3+ 15. Rxg3 Qf8 16. Bh6 Nc5 17. Bxg7 Qf7 18. Bxf6+ Kf8 19. Bg7+ Kg8 20. Nxe5 Qf2+ 21. Rg2 Qf4+ 22. Kh1 Bxh3 23. Qg1 Bxg2+ 24. Qxg2 Qc1+ 25. Qg1 Qxg1+ 26. Kxg1 Kxg7 27. Nd2 Kf6 28. Nef3 Rg8+ 29. Kf2 Kf7 30. d4 h5 31. dxc5 Rh8 32. Rg1 h4 33. Rh1 h3 34. Ng1 Kg6 35. Rxh3 Rf8+ 36. Ke3 Rg8 37. Rg3+ Kf7 38. Rxg8 Kxg8 39. Kd4 Kf7 40. Ke5 Ke7 41. Ngf3 Kd7 42. Nh4 b6 43. Nf5 bxc5 44. c4 Kc8 0-1